General information
- name: BNet
- type: Ladder team game (AT/RT)
- host: Battle.net
- saver: BEAR_AND
map: Monsoon
- players: 6
- length: 53:37
- speed: Fast
- version: 1.21 W3XP
- replay type:

» download(428 KB)
Players
team 1 (winner)

»
BEAR_AND (
yellow | 124 APM | 6638 actions | 53:37)
8 Blademaster
3 Wind Walk
3 Critical Strike
1 Bladestorm
1 Mirror Image
» actions
| Assign group hotkey | 33 | |
| Basic commands | 4 | |
| Build / train | 138 | |
| Enter build submenu | 98 | |
| Enter hero's abilities submenu | 8 | |
| Give item / drop item | 1 | |
| Right click | 3779 | |
| Select / deselect | 686 | |
| Select group hotkey | 1510 | |
| Use ability | 381 | |
6638 total
» units
» upgrades
| Ranged Weapons | 3 | |
| Reinforced Defenses | 1 | |
| Liquid Fire | 1 | |
| Armor | 1 | |
| Troll Regeneration | 1 | |
7 total
» buildings
| Altar of Storms | 1 | |
| Orc Burrow | 4 | |
| War Mill | 1 | |
| Voodoo Lounge | 1 | |
| Watch Tower | 75 | |
| Stronghold | 3 | |
| Beastiary | 2 | |
| Fortress | 1 | |
| Great Hall | 6 | |
| Barracks | 1 | |
95 total
» build order
00:07 Altar of Storms
00:19 Orc Burrow
00:34 War Mill
01:11 Voodoo Lounge
01:47 Watch Tower
02:04 Watch Tower
02:24 Orc Burrow
02:40 Watch Tower
03:16 Watch Tower
03:45 Watch Tower
03:48 Watch Tower
04:23 Stronghold
04:23 Stronghold
04:23 Stronghold
04:47 Watch Tower
04:52 Watch Tower
05:35 Orc Burrow
05:37 Orc Burrow
05:52 Watch Tower
06:54 Beastiary
06:55 Beastiary
07:02 Watch Tower
07:15 Fortress
11:35 Watch Tower
11:48 Watch Tower
12:14 Watch Tower
12:18 Watch Tower
13:04 Watch Tower
14:47 Watch Tower
14:47 Watch Tower
14:53 Watch Tower
15:34 Great Hall
15:46 Barracks
15:56 Watch Tower
16:09 Watch Tower
16:51 Watch Tower
18:23 Watch Tower
18:24 Watch Tower
18:25 Watch Tower
18:27 Watch Tower
18:27 Watch Tower
18:36 Watch Tower
20:08 Watch Tower
20:08 Watch Tower
20:09 Watch Tower
21:22 Watch Tower
21:23 Watch Tower
21:27 Watch Tower
21:27 Watch Tower
23:36 Watch Tower
23:56 Watch Tower
25:01 Watch Tower
25:31 Watch Tower
26:25 Watch Tower
26:27 Watch Tower
27:39 Watch Tower
29:12 Great Hall
29:19 Watch Tower
32:47 Watch Tower
32:48 Watch Tower
32:49 Watch Tower
32:49 Watch Tower
33:52 Watch Tower
33:53 Watch Tower
33:54 Watch Tower
33:55 Watch Tower
35:02 Watch Tower
35:03 Watch Tower
35:04 Watch Tower
35:05 Watch Tower
37:34 Watch Tower
37:35 Watch Tower
37:37 Watch Tower
37:37 Watch Tower
38:42 Watch Tower
38:44 Watch Tower
39:11 Watch Tower
39:12 Watch Tower
40:33 Great Hall
40:35 Watch Tower
40:36 Watch Tower
40:39 Watch Tower
41:05 Watch Tower
41:06 Watch Tower
42:17 Watch Tower
42:18 Watch Tower
42:19 Watch Tower
42:24 Great Hall
42:29 Great Hall
42:49 Great Hall
43:22 Watch Tower
43:24 Watch Tower
43:24 Watch Tower
45:20 Watch Tower
45:20 Watch Tower
» items
| Healing Salve | 6 | |
| Lesser Clarity Potion | 12 | |
| Scroll of Town Portal | 7 | |
| Orb of Lightning | 1 | |
| Staff of Teleportation | 1 | |
| Boots of Speed | 1 | |
| Potion of Healing | 1 | |
29 total

»
iggy_the_fisk (
orange | 94 APM | 5035 actions | 53:35)
9 Dark Ranger
3 Black Arrow
3 Silence
1 Charm
2 Life Drain
» actions
| Assign group hotkey | 375 | |
| Basic commands | 12 | |
| Build / train | 113 | |
| Enter build submenu | 21 | |
| Enter hero's abilities submenu | 9 | |
| Give item / drop item | 4 | |
| Remove unit from queue | 4 | |
| Right click | 2844 | |
| Select / deselect | 445 | |
| Select group hotkey | 1082 | |
| Use ability | 126 | |
5035 total
» units
| Wisp | 19 | |
| Chimaera | 24 | |
| Hippogryph | 19 | |
62 total
» upgrades
| Strength of the Wild | 3 | |
| Corrosive Breath | 1 | |
| Reinforced Hides | 3 | |
| Well Spring | 1 | |
| Ultravision | 1 | |
9 total
» buildings
| Altar of Elders | 1 | |
| Moon Well | 8 | |
| Tree of Ages | 5 | |
| Hunter's Hall | 1 | |
| Tree of Eternity | 1 | |
| Ancient of Wind | 1 | |
| Chimaera Roost | 2 | |
| Ancient of Wonders | 3 | |
| Tree of Life | 1 | |
23 total
» build order
00:04 Altar of Elders
00:19 Moon Well
01:52 Moon Well
03:55 Moon Well
05:04 Tree of Ages
05:05 Tree of Ages
05:05 Tree of Ages
05:05 Tree of Ages
06:18 Hunter's Hall
07:35 Tree of Eternity
09:33 Ancient of Wind
10:37 Chimaera Roost
10:40 Chimaera Roost
10:50 Moon Well
19:36 Ancient of Wonders
21:43 Tree of Life
26:23 Ancient of Wonders
26:34 Ancient of Wonders
40:39 Moon Well
40:40 Moon Well
40:41 Moon Well
40:41 Moon Well
» items
| Boots of Speed | 1 | |
| Staff of Teleportation | 1 | |
| Scroll of Regeneration | 1 | |
| Scroll of Town Portal | 14 | |
| Potion of Lesser Invulnerability | 1 | |
| Healing Salve | 3 | |
| Staff of Preservation | 1 | |
22 total

»
Timg4stroK (
purple | 99 APM | 5305 actions | 53:35)
5 Archmage
1 Summon Water Elemental
2 Blizzard
2 Brilliance Aura
6 Mountain King
3 Storm Bolt
2 Bash
1 Avatar
» actions
| Assign group hotkey | 33 | |
| Basic commands | 96 | |
| Build / train | 185 | |
| ESC pressed | 2 | |
| Enter build submenu | 79 | |
| Enter hero's abilities submenu | 12 | |
| Give item / drop item | 3 | |
| Right click | 2321 | |
| Select / deselect | 520 | |
| Select group hotkey | 1689 | |
| Use ability | 365 | |
5305 total
» units
| Peasant | 16 | |
| Mortar Team | 12 | |
| Sorceress | 3 | |
| Flying Machine | 34 | |
65 total
» upgrades
| Masonry | 3 | |
| Magic Sentry | 1 | |
| Gunpowder | 3 | |
| Flare | 1 | |
| Fragmentation Shards | 1 | |
| Sorceress Training | 2 | |
| Armor | 3 | |
| Plating | 2 | |
| Flak Cannons | 1 | |
| Barrage | 1 | |
| Flying Machine Bombs | 1 | |
19 total
» buildings
| Altar of Kings | 1 | |
| Lumber Mill | 2 | |
| Farm | 8 | |
| Scout Tower | 96 | |
| Arcane Tower | 6 | |
| Guard Tower | 41 | |
| Keep | 1 | |
| Arcane Vault | 1 | |
| Arcane Sanctum | 1 | |
| Blacksmith | 1 | |
| Workshop | 2 | |
| Castle | 1 | |
| Town Hall | 3 | |
164 total
» build order
00:03 Altar of Kings
00:10 Lumber Mill
00:12 Farm
00:45 Farm
01:09 Scout Tower
01:32 Farm
01:36 Arcane Tower
01:36 Scout Tower
01:49 Scout Tower
01:55 Scout Tower
02:02 Scout Tower
02:08 Guard Tower
02:20 Scout Tower
02:23 Scout Tower
02:24 Scout Tower
02:34 Guard Tower
02:36 Guard Tower
03:07 Guard Tower
03:09 Scout Tower
03:10 Scout Tower
03:11 Scout Tower
03:11 Scout Tower
03:20 Guard Tower
03:22 Scout Tower
03:23 Scout Tower
03:24 Scout Tower
03:25 Scout Tower
03:31 Scout Tower
03:32 Scout Tower
03:39 Farm
03:41 Farm
03:50 Guard Tower
03:57 Guard Tower
04:06 Guard Tower
04:34 Guard Tower
04:34 Guard Tower
04:39 Guard Tower
04:40 Arcane Tower
04:42 Scout Tower
04:43 Scout Tower
05:15 Guard Tower
05:19 Guard Tower
05:21 Scout Tower
05:22 Scout Tower
05:26 Guard Tower
05:36 Keep
05:47 Scout Tower
05:48 Scout Tower
05:57 Guard Tower
06:02 Scout Tower
06:03 Scout Tower
06:18 Guard Tower
06:45 Guard Tower
07:24 Scout Tower
07:56 Guard Tower
08:07 Arcane Vault
08:24 Arcane Sanctum
09:22 Scout Tower
09:23 Scout Tower
09:30 Blacksmith
09:43 Guard Tower
09:57 Guard Tower
10:12 Scout Tower
10:13 Scout Tower
10:53 Guard Tower
10:55 Scout Tower
10:56 Scout Tower
11:13 Workshop
11:14 Workshop
11:32 Guard Tower
12:26 Castle
13:37 Farm
13:39 Farm
13:40 Farm
14:16 Scout Tower
14:17 Scout Tower
14:38 Scout Tower
14:51 Guard Tower
15:42 Guard Tower
15:44 Scout Tower
16:02 Town Hall
16:09 Scout Tower
16:10 Scout Tower
16:11 Scout Tower
16:12 Scout Tower
16:13 Scout Tower
16:14 Guard Tower
16:36 Guard Tower
16:51 Scout Tower
16:51 Scout Tower
16:55 Scout Tower
16:55 Scout Tower
18:29 Guard Tower
18:31 Scout Tower
18:54 Guard Tower
20:30 Guard Tower
20:35 Scout Tower
20:35 Scout Tower
20:36 Scout Tower
20:37 Scout Tower
20:37 Scout Tower
20:38 Scout Tower
20:39 Scout Tower
20:39 Scout Tower
20:51 Scout Tower
20:52 Scout Tower
20:52 Scout Tower
20:53 Scout Tower
20:53 Scout Tower
20:54 Scout Tower
21:26 Guard Tower
21:28 Guard Tower
21:52 Guard Tower
22:00 Guard Tower
22:07 Scout Tower
22:07 Scout Tower
22:08 Scout Tower
22:27 Guard Tower
22:48 Arcane Tower
22:51 Scout Tower
22:51 Scout Tower
22:53 Scout Tower
22:53 Scout Tower
22:57 Guard Tower
22:59 Scout Tower
23:00 Scout Tower
23:00 Scout Tower
23:01 Scout Tower
23:01 Scout Tower
23:02 Scout Tower
23:04 Scout Tower
23:05 Scout Tower
23:05 Scout Tower
23:06 Scout Tower
23:09 Lumber Mill
24:10 Arcane Tower
24:20 Scout Tower
24:21 Scout Tower
24:22 Scout Tower
24:22 Scout Tower
24:51 Guard Tower
24:53 Arcane Tower
24:55 Guard Tower
24:57 Guard Tower
25:48 Arcane Tower
26:30 Guard Tower
26:32 Guard Tower
41:30 Town Hall
41:32 Scout Tower
41:33 Scout Tower
41:35 Scout Tower
41:36 Scout Tower
41:36 Scout Tower
41:37 Scout Tower
41:39 Scout Tower
41:40 Scout Tower
41:41 Scout Tower
41:42 Scout Tower
41:43 Scout Tower
41:44 Scout Tower
41:47 Scout Tower
41:47 Scout Tower
43:30 Guard Tower
50:09 Town Hall
» items
| Boots of Speed | 2 | |
| Staff of Teleportation | 2 | |
| Tome of Retraining | 1 | |
| Healing Salve | 1 | |
| Lesser Clarity Potion | 1 | |
| Staff of Sanctuary | 2 | |
| Scroll of Town Portal | 12 | |
| Scroll of Regeneration | 3 | |
| Orb of Lightning | 2 | |
| Potion of Invisibility | 1 | |
| Scroll of Healing | 2 | |
| Potion of Healing | 2 | |
| Potion of Mana | 3 | |
34 total
team 2 (loser)
Citizen_Xc (
pink | 78 APM | 4196 actions | 53:35)
6 Death Knight
3 Death Coil
2 Unholy Aura
1 Animate Dead
3 Lich
2 Frost Nova
1 Dark Ritual
» actions
| Assign group hotkey | 27 | |
| Basic commands | 555 | |
| Build / train | 176 | |
| ESC pressed | 4 | |
| Enter build submenu | 29 | |
| Enter hero's abilities submenu | 9 | |
| Give item / drop item | 7 | |
| Right click | 2198 | |
| Select / deselect | 793 | |
| Select group hotkey | 171 | |
| Use ability | 227 | |
4196 total
» units
| Acolyte | 13 | |
| Ghoul | 8 | |
| Crypt Fiend | 16 | |
| Obsidian Statue | 3 | |
| Gargoyle | 5 | |
| Meatwagon | 3 | |
| Necromancer | 2 | |
50 total
» upgrades
| Burrow | 1 | |
| Creature Attack | 3 | |
| Web | 1 | |
| Stone Form | 1 | |
| Creature Carapace | 1 | |
| Exhume Corpses | 1 | |
| Unholy Armor | 1 | |
| Necromancer Training | 2 | |
| Skeletal Longevity | 1 | |
| Skeletal Mastery | 1 | |
13 total
» buildings
| Crypt | 2 | |
| Graveyard | 1 | |
| Altar of Darkness | 2 | |
| Ziggurat | 12 | |
| Tomb of Relics | 1 | |
| Nerubian Tower | 8 | |
| Halls of the Dead | 4 | |
| Slaughterhouse | 3 | |
| Black Citadel | 4 | |
| Spirit Tower | 7 | |
| Sacrificial Pit | 1 | |
| Temple of the Damned | 2 | |
| Necropolis | 1 | |
48 total
» build order
00:10 Crypt
00:21 Graveyard
00:48 Altar of Darkness
00:52 Ziggurat
01:01 Altar of Darkness
02:09 Ziggurat
02:16 Tomb of Relics
02:53 Nerubian Tower
02:54 Nerubian Tower
02:54 Nerubian Tower
03:33 Halls of the Dead
03:34 Halls of the Dead
03:34 Halls of the Dead
05:13 Ziggurat
05:56 Slaughterhouse
07:51 Ziggurat
09:03 Black Citadel
09:03 Black Citadel
09:03 Black Citadel
10:06 Spirit Tower
10:06 Spirit Tower
10:07 Nerubian Tower
10:07 Nerubian Tower
11:22 Ziggurat
11:29 Ziggurat
11:31 Ziggurat
12:19 Ziggurat
12:20 Ziggurat
12:23 Ziggurat
12:38 Nerubian Tower
12:41 Spirit Tower
12:42 Spirit Tower
15:00 Sacrificial Pit
15:10 Crypt
15:11 Spirit Tower
15:12 Spirit Tower
23:44 Slaughterhouse
23:56 Slaughterhouse
23:59 Ziggurat
24:01 Ziggurat
24:10 Temple of the Damned
24:14 Temple of the Damned
29:44 Necropolis
» items
| Rod of Necromancy | 7 | |
| Boots of Speed | 2 | |
| Potion of Healing | 2 | |
| Scroll of Town Portal | 5 | |
| Dust of Appearance | 2 | |
| Orb of Corruption | 3 | |
| Scroll of Protection | 2 | |
| Scroll of Healing | 1 | |
| Potion of Lesser Invulnerability | 2 | |
| Staff of Teleportation | 2 | |
28 total
InfiniteShadow (
blue | 76 APM | 4056 actions | 53:35)
5 Priestess of the Moon
2 Searing Arrows
3 Trueshot Aura
4 Pandaren Brewmaster
2 Breath of Fire
1 Drunken Haze
1 Drunken Brawler
» actions
| Assign group hotkey | 96 | |
| Basic commands | 381 | |
| Build / train | 130 | |
| ESC pressed | 8 | |
| Enter build submenu | 48 | |
| Enter hero's abilities submenu | 9 | |
| Give item / drop item | 3 | |
| Remove unit from queue | 1 | |
| Right click | 1256 | |
| Select / deselect | 528 | |
| Select group hotkey | 1460 | |
| Use ability | 136 | |
4056 total
» units
| Wisp | 39 | |
| Glaive Thrower | 5 | |
| Gnoll Warden | 1 | |
| Gnoll Brute | 1 | |
| Archer | 2 | |
| Chimaera | 10 | |
| Hippogryph | 31 | |
| Mountain Giant | 1 | |
| Dryad | 1 | |
91 total
» upgrades
| Ultravision | 1 | |
| Vorpal Blades | 1 | |
| Nature's Blessing | 1 | |
| Strength of the Wild | 3 | |
| Reinforced Hides | 3 | |
| Corrosive Breath | 1 | |
| Hardened Skin | 1 | |
| Resistant Skin | 0 | |
11 total
» buildings
| Altar of Elders | 2 | |
| Moon Well | 9 | |
| Hunter's Hall | 1 | |
| Ancient of War | 3 | |
| Tree of Ages | 2 | |
| Ancient Protector | 13 | |
| Tree of Eternity | 1 | |
| Ancient of Wind | 1 | |
| Ancient of Wonders | 3 | |
| Chimaera Roost | 3 | |
| Tree of Life | 6 | |
| Ancient of Lore | 5 | |
49 total
» build order
00:08 Altar of Elders
00:21 Moon Well
01:55 Hunter's Hall
02:10 Ancient of War
02:12 Ancient of War
02:27 Ancient of War
03:20 Tree of Ages
03:55 Tree of Ages
04:12 Moon Well
04:15 Ancient Protector
04:18 Ancient Protector
04:50 Ancient Protector
08:25 Tree of Eternity
08:27 Moon Well
08:28 Moon Well
09:23 Ancient of Wind
09:26 Ancient Protector
10:01 Ancient of Wonders
13:03 Chimaera Roost
13:04 Chimaera Roost
15:30 Moon Well
16:04 Ancient Protector
16:18 Ancient Protector
16:23 Ancient Protector
18:14 Moon Well
19:49 Ancient of Wonders
23:12 Tree of Life
23:14 Ancient Protector
23:15 Ancient Protector
23:17 Ancient Protector
23:18 Ancient Protector
23:22 Tree of Life
23:37 Tree of Life
23:40 Ancient Protector
23:55 Ancient Protector
27:06 Chimaera Roost
31:01 Ancient of Lore
31:02 Ancient of Lore
32:22 Ancient of Lore
33:00 Tree of Life
33:02 Tree of Life
36:06 Ancient of Lore
36:11 Ancient of Lore
37:55 Ancient of Wonders
40:38 Moon Well
43:13 Moon Well
43:32 Moon Well
45:43 Altar of Elders
49:54 Tree of Life
» items
| Scroll of Town Portal | 3 | |
| Orb of Venom | 1 | |
| Dust of Appearance | 1 | |
| Scroll of Protection | 1 | |
| Scroll of Healing | 3 | |
| Potion of Lesser Invulnerability | 2 | |
| Potion of Invisibility | 1 | |
12 total
SprayCanaDiaN (
teal | 89 APM | 4759 actions | 53:35)
7 Death Knight
3 Death Coil
3 Unholy Aura
1 Death Pact
6 Lich
3 Frost Nova
2 Frost Armor
1 Death and Decay
6 Pit Lord
3 Cleaving Attack
2 Howl of Terror
1 Doom
» actions
| Assign group hotkey | 100 | |
| Basic commands | 216 | |
| Build / train | 117 | |
| ESC pressed | 4 | |
| Enter build submenu | 39 | |
| Enter hero's abilities submenu | 19 | |
| Give item / drop item | 9 | |
| Right click | 2037 | |
| Select / deselect | 823 | |
| Select group hotkey | 1206 | |
| Use ability | 188 | |
4759 total
» units
| Acolyte | 24 | |
| Ghoul | 3 | |
| Crypt Fiend | 20 | |
| Gargoyle | 6 | |
| Frost Wyrm | 7 | |
60 total
» upgrades
| Creature Attack | 3 | |
| Creature Carapace | 3 | |
| Web | 1 | |
| Burrow | 1 | |
| Stone Form | 1 | |
| Freezing Breath | 1 | |
10 total
» buildings
| Crypt | 2 | |
| Altar of Darkness | 1 | |
| Ziggurat | 17 | |
| Graveyard | 2 | |
| Tomb of Relics | 1 | |
| Halls of the Dead | 3 | |
| Black Citadel | 3 | |
| Spirit Tower | 5 | |
| Necropolis | 4 | |
| Nerubian Tower | 1 | |
| Sacrificial Pit | 1 | |
| Boneyard | 2 | |
42 total
» build order
00:12 Crypt
00:18 Altar of Darkness
00:43 Ziggurat
00:48 Graveyard
01:02 Tomb of Relics
01:30 Ziggurat
03:35 Ziggurat
05:22 Halls of the Dead
06:13 Ziggurat
09:56 Black Citadel
11:31 Spirit Tower
11:32 Spirit Tower
11:34 Ziggurat
11:34 Ziggurat
13:36 Spirit Tower
13:39 Crypt
13:41 Ziggurat
22:54 Graveyard
22:56 Necropolis
22:58 Ziggurat
22:59 Ziggurat
23:42 Necropolis
23:48 Ziggurat
23:51 Ziggurat
25:48 Ziggurat
25:50 Necropolis
25:58 Spirit Tower
27:59 Nerubian Tower
28:29 Necropolis
30:57 Halls of the Dead
30:57 Halls of the Dead
36:21 Black Citadel
36:23 Sacrificial Pit
39:10 Boneyard
39:12 Boneyard
39:14 Ziggurat
40:13 Spirit Tower
43:11 Ziggurat
43:11 Ziggurat
50:15 Ziggurat
50:15 Ziggurat
» items
| Rod of Necromancy | 3 | |
| Orb of Corruption | 2 | |
| Scroll of Healing | 1 | |
| Scroll of Town Portal | 6 | |
12 total
Chat log
(01:02 / All) Timg4stroK: garg feed or hunts/fiends
(01:09 / All) InfiniteShadow: ghoul arch
(01:12 / All) InfiniteShadow: u lose :/
(01:17 / All) SprayCanaDiaN: vewy good young boy!!!!
(01:19 / All) Citizen_Xc: UR MOM!
(02:44 / All) Timg4stroK: so hunts and fiends
(02:55 / All) BEAR_AND: "huntafiend"
(03:11 / All) BEAR_AND: way
(03:12 / All) BEAR_AND: too
(03:12 / All) BEAR_AND: slow
(03:25 / All) Citizen_Xc: that one was free u noob
(08:31 / All) BEAR_AND: nice Peink
(10:20 / All) Citizen_Xc: u guys expect to win like this lol
(10:36 / All) SprayCanaDiaN: ...
(12:57 / All) SprayCanaDiaN: chims and tower
(13:08 / All) iggy_the_fisk: nope
(13:12 / All) iggy_the_fisk: you can't predict after you see it
(13:13 / All) SprayCanaDiaN: dam!
(14:12 / All) Citizen_Xc: u fail
(17:07 / All) BEAR_AND: second
(17:08 / All) BEAR_AND: coil
(17:09 / All) BEAR_AND: dodge
(17:20 / All) SprayCanaDiaN: nearly killed my dk!!!!!!! gj!!!!!!
(18:50 / All) BEAR_AND: third
(18:55 / All) BEAR_AND: you are
(18:57 / All) BEAR_AND: slowed coilers
(19:01 / All) BEAR_AND: slowest
(19:07 / All) SprayCanaDiaN: lol ui nailed u twice 2 for 2
(19:13 / All) BEAR_AND: nah maybe 1 for 8?
(21:41 / All) BEAR_AND: wow baby first coil
(21:43 / All) BEAR_AND: but
(21:47 / All) BEAR_AND: i was full health V______________V
(24:26 / All) SprayCanaDiaN: NICE WINDWALK GOSU
(24:39 / All) iggy_the_fisk: how do you feel about losing this game
(25:06 / All) SprayCanaDiaN: BATS GOSU
(25:15 / All) Timg4stroK: 2 late
(26:45 / All) Timg4stroK: hold on piss break pb
(26:48 / All) BEAR_AND: i thank u
(27:10 / All) iggy_the_fisk: so
(27:13 / All) iggy_the_fisk: Back to you losing this game
(27:16 / All) iggy_the_fisk: how did you do it?
(27:21 / All) SprayCanaDiaN: well pete
(28:09 / All) Timg4stroK: hey i call pb
(28:19 / All) SprayCanaDiaN: LOL gj yellow!
(28:36 / All) BEAR_AND: wow shitnoobs
(28:50 / All) SprayCanaDiaN: u just lost all your bats to me and now im a noob okey!
(29:00 / All) BEAR_AND: lost all your nacos but one...?
(29:08 / All) SprayCanaDiaN: trade 4 acos for 15 bats dumbshit
(29:17 / All) BEAR_AND: actually 9 :)
(29:34 / All) SprayCanaDiaN: 9 bats 4 acos? ok thats a great trade
(29:39 / All) iggy_the_fisk: damn
(29:42 / All) iggy_the_fisk: guess he have to make more
(29:54 / All) iggy_the_fisk: think he can pull it off with his intact base and 2 expo?
(29:55 / All) iggy_the_fisk: mayb
(37:27 / All) BEAR_AND: lmfao pink
(37:30 / All) BEAR_AND: bye :)
(38:17 / All) iggy_the_fisk: so now you know you lost
(38:23 / All) iggy_the_fisk: at this point you're just savoring it
(38:29 / All) BEAR_AND: u like losing?
(38:50 / All) Timg4stroK: LÖLé
(39:01 / Allies) Timg4stroK: e
(39:04 / Allies) Timg4stroK: f
(39:05 / Allies) Timg4stroK: f
(39:50 / All) BEAR_AND: missed
(39:51 / All) BEAR_AND: that
(39:51 / All) BEAR_AND: coil
(39:52 / All) BEAR_AND: too
(39:54 / All) BEAR_AND: wowowowowowowoowowowoo
(39:58 / All) BEAR_AND: lmfao
(39:59 / All) BEAR_AND: too slow
(40:46 / All) iggy_the_fisk: yes stay
(40:56 / All) iggy_the_fisk: think that you're annoying us by staying in the game
(41:11 / All) iggy_the_fisk: another fine addition to www.highper.ch thanks a lot
(42:35 / All) BEAR_AND: bye shade
(42:51 / All) BEAR_AND: lmao
(43:12 / All) BEAR_AND: wow
(43:14 / All) BEAR_AND: how many
(43:14 / All) BEAR_AND: coils
(43:15 / All) BEAR_AND: will
(43:16 / All) BEAR_AND: you
(43:16 / All) BEAR_AND: miss
(43:18 / All) BEAR_AND: 15?
(43:19 / All) BEAR_AND: 20?
(43:27 / All) SprayCanaDiaN: hi towers
(43:35 / All) SprayCanaDiaN: WHY UPGRADE NOPW?!
(43:56 / All) iggy_the_fisk: why leave now?
(43:57 / All) iggy_the_fisk: noob
(44:05 / All) SprayCanaDiaN: lol 1 v3 and im a noob
(44:07 / All) BEAR_AND: peace noobos
(44:15 / All) Timg4stroK: begone
(44:20 / All) iggy_the_fisk: perhaps 1v1 better suited for you?
(44:25 / All) SprayCanaDiaN: yes come
(45:11 / All) BEAR_AND: hey your first coil
(45:11 / All) BEAR_AND: grats
(45:39 / All) SprayCanaDiaN: lol raped
(45:43 / All) Timg4stroK: where u base
(45:47 / All) iggy_the_fisk: yes stay longer..
(45:48 / All) iggy_the_fisk: stay...
(45:50 / All) SprayCanaDiaN: 3 palces
(45:50 / All) iggy_the_fisk: fight on.l..
(47:18 / All) BEAR_AND: wow
(47:19 / All) BEAR_AND: blue
(47:23 / All) BEAR_AND: got enough gold to rebuild that
(47:23 / All) Timg4stroK: Leafm, and scram
(47:29 / All) BEAR_AND: put a egg in ur shoe
(47:30 / All) BEAR_AND: & BEAT IT
(47:38 / All) InfiniteShadow: u think ur annoying us but ur not :D
(47:55 / All) BEAR_AND: you think you know how to play
(48:03 / All) BEAR_AND: you don't BD
(48:42 / All) SprayCanaDiaN: lol how many chims did u lsoe
(48:52 / All) iggy_the_fisk: damn guess i have to make more..
(49:02 / All) BEAR_AND: welcome
(49:03 / All) BEAR_AND: to my hompy
(50:21 / All) BEAR_AND: what u gonna build with all that wisp
(50:41 / All) BEAR_AND: nothin
(50:48 / All) BEAR_AND: trying to gilderbase US?
(52:12 / All) Timg4stroK: SHIT BREADTH!!!
(52:12 / All) iggy_the_fisk: nope
(52:17 / All) iggy_the_fisk: can't hide next to a gyro shitnoob
(52:26 / All) iggy_the_fisk: how did you lose this game wow
(52:29 / All) iggy_the_fisk: are you mentally handicapped
(52:33 / All) iggy_the_fisk: In which case i'm sorry
(52:33 / All) SprayCanaDiaN: anyone 1 v 1?
(52:36 / All) BEAR_AND: i think they like 40apm shitbit noobshits
(52:37 / All) iggy_the_fisk: alreayd asked u
(52:38 / All) BEAR_AND: yep
(52:38 / All) iggy_the_fisk: 1v1 noob
(52:39 / All) Timg4stroK: lMFAO 1V1 RIGHT NOW
(52:40 / All) Timg4stroK: LEAVE
(52:41 / All) Timg4stroK: LMFAPO
(52:42 / All) BEAR_AND: 1v1 any of you
(52:42 / All) BEAR_AND: ?
(52:45 / All) BEAR_AND: name the map :)
(52:48 / All) BEAR_AND: (league only)
(52:50 / All) iggy_the_fisk: (not dota)
(52:52 / All) SprayCanaDiaN: tr?
(52:53 / Allies) Timg4stroK: cockaaaa.w3g
(52:55 / All) BEAR_AND: tr ok
(53:03 / All) Timg4stroK: leave attard shits
(53:03 / All) BEAR_AND: clan towa
(53:10 / All) Timg4stroK: David Attardborugh
(53:16 / All) BEAR_AND: http://highper.ch thanks for losing
(53:17 / All) SprayCanaDiaN: lol towa hackers
(53:19 / All) SprayCanaDiaN: on wcreplays
(53:21 / All) SprayCanaDiaN: everywhere
(53:26 / All) SprayCanaDiaN: but ok GG nice apms./..
(53:31 / All) iggy_the_fisk: gg nice loss
(53:31 / All) BEAR_AND: wow you talking about my challenge win?
(53:32 / All) BEAR_AND: lmfao